[Event "Titled Tuesday Blitz February 07 Early 2023"]
[White "Megalios, Konstantinos"]
[Black "Shubenkova, Veronika"]
[WhiteFideId "4238044"]
[BlackFideId "44124040"]
[WhiteElo "2372"]
[BlackElo "1960"]
[Result "1-0"]
[Round "03"]
[TimeControl "180+2"]
[Date "2023.02.07"]
[WhiteClock "0:01:22"]
[BlackClock "0:01:15"]

1. Nf3 d5 2. g3 e6 3. Bg2 Nf6 4. O-O Be7 5. d3 O-O 6. Nbd2 c5 7. e4 Nc6 8. e5 Nd7 9. Re1 b5 10. Nf1 Bb7 11. h4 d4 12. h5 Nb4 13. h6 g6 14. N1h2 Nd5 15. Ng4 Qc7 16. Bg5 Rae8 17. Bxe7 Nxe7 18. Ng5 Bxg2 19. Kxg2 Nf5 20. Ne4 Qc6 21. Qf3 Kh8 22. a4 b4 23. b3 a5 24. Re2 Qd5 25. Qf4 f6 26. exf6 e5 27. Qg5 Re6 28. Kh2 Qc6 29. Rae1 Nd6 30. Nxd6 Qxd6 31. Nxe5 Nxe5 32. Rxe5 Rexf6 33. f4 Qc6 34. Rd5 Qc8 35. Re7 c4 36. Rdd7 1-0


[Site "https://www.chess.com"]

[Event "Titled Tuesday Blitz February 07 Early 2023"]
[White "Sanchez, Sebastian Felipe"]
[Black "Ilinca Ilinca, Felix Antonio"]
[WhiteFideId "4403304"]
[BlackFideId "54764998"]
[WhiteElo "2427"]
[BlackElo "2266"]
[Result "0-1"]
[Round "03"]
[TimeControl "180+2"]
[Date "2023.02.07"]
[WhiteClock "0:00:01"]
[BlackClock "0:00:26"]

1. d4 d5 2. c4 e6 3. Nf3 Nf6 4. g3 dxc4 5. Bg2 a6 6. O-O Nc6 7. e3 Rb8 8. Nfd2 Na5 9. Qa4+ c6 10. Nxc4 Nxc4 11. Qxc4 Be7 12. Nc3 O-O 13. Qe2 c5 14. dxc5 Bxc5 15. Rd1 Qe7 16. Na4 Ba7 17. Bd2 b5 18. Nc3 Bb7 19. Rac1 Rfd8 20. Be1 Bxg2 21. Kxg2 Qb7+ 22. Qf3 Qxf3+ 23. Kxf3 Kf8 24. Ne4 Nd5 25. Nc5 Bxc5 26. Rxc5 Rbc8 27. Rdc1 Rxc5 28. Rxc5 Ke7 29. e4 Nf6 30. Rc7+ Rd7 31. Bb4+ Ke8 32. Rc6 Rd4 33. a3 Rxe4 34. Rxa6 Rc4 35. Rb6 Rc2 36. b3 Rb2 37. Rxb5 Rxb3+ 38. Kg2 Nd5 39. Rb8+ Kd7 40. Rb7+ Nc7 41. Rb6 f5 42. Rb7 Kc6 43. Rb8 Nd5 44. Rc8+ Kd7 45. Rb8 Kc7 46. Re8 Nxb4 0-1


[Site "https://www.chess.com"]

[Event "Titled Tuesday Blitz February 07 Early 2023"]
[White "Ansh M Shah"]
[Black "Suder, Jakub"]
[WhiteFideId "25033379"]
[BlackFideId "1195310"]
[WhiteElo "2171"]
[BlackElo "2244"]
[Result "0-1"]
[Round "03"]
[TimeControl "180+2"]
[Date "2023.02.07"]
[WhiteClock "0:00:01"]
[BlackClock "0:02:07"]

1. d4 d5 2. c4 e6 3. g3 Nf6 4. Bg2 Be7 5. Nf3 O-O 6. O-O dxc4 7. Qc2 b5 8. a4 b4 9. Nbd2 Bb7 10. Nxc4 Nbd7 11. Bf4 Be4 12. Qb3 Bd5 13. Nfe5 c5 14. Nxd7 Nxd7 15. Bxd5 exd5 16. Nd6 c4 17. Qxb4 Nb6 18. Qc5 Rc8 19. Nxc8 Bxc5 20. dxc5 Nxc8 0-1


[Site "https://www.chess.com"]

[Event "Titled Tuesday Blitz February 07 Early 2023"]
[White "Buchenau, Frank"]
[Black "Horobetz, Graham"]
[WhiteFideId "4604350"]
[BlackFideId "2047322"]
[WhiteElo "2222"]
[BlackElo "2140"]
[Result "0-1"]
[Round "03"]
[TimeControl "180+2"]
[Date "2023.02.07"]
[WhiteClock "0:00:08"]
[BlackClock "0:00:20"]

1. e4 c5 2. Nf3 d6 3. Bb5+ Nd7 4. O-O a6 5. Bd3 Ngf6 6. Re1 b5 7. c4 Bb7 8. cxb5 axb5 9. Bxb5 Nxe4 10. d4 e6 11. dxc5 Nxc5 12. Nc3 Be7 13. b4 Na6 14. Rb1 O-O 15. Bf4 Nf6 16. Nd4 Rc8 17. Qd3 Nc7 18. Bc6 Ba8 19. b5 e5 20. Nf5 Bxc6 21. bxc6 Ne6 22. Nd5 Nxd5 23. Qxd5 Nxf4 24. Qe4 Bf6 25. Rb7 d5 26. Qa4 Qe8 27. Rb6 Qe6 28. Ne3 d4 29. Nc4 Qg4 30. g3 Nh3+ 31. Kg2 Ng5 32. h4 Qh3+ 33. Kg1 Nf3# 0-1


[Site "https://www.chess.com"]

[Event "Titled Tuesday Blitz February 07 Early 2023"]
[White "Melaugh, Shane"]
[Black "Gascon Del Nogal, Jose Rafael"]
[WhiteFideId "2509580"]
[BlackFideId "3902463"]
[WhiteElo "2115"]
[BlackElo "2459"]
[Result "0-1"]
[Round "03"]
[TimeControl "180+2"]
[Date "2023.02.07"]
[WhiteClock "0:00:28"]
[BlackClock "0:00:32"]

1. c4 e5 2. Nc3 Nc6 3. Nf3 Nf6 4. e4 d6 5. d4 exd4 6. Nxd4 g6 7. Be2 Bg7 8. Be3 O-O 9. h3 Re8 10. f3 Nh5 11. Bf2 Nf4 12. O-O Bxd4 13. Bxd4 Qg5 14. g4 Qh4 15. Rf2 Nxd4 16. Qxd4 Nxh3+ 17. Kg2 Qxf2+ 18. Qxf2 Nxf2 19. Kxf2 Be6 20. Rd1 a6 21. g5 Kg7 22. Kg3 h6 23. gxh6+ Kxh6 24. Rh1+ Kg7 25. f4 Rh8 26. Rf1 Rh3+ 27. Kg2 Rah8 28. f5 Rh2+ 29. Kg3 gxf5 30. exf5 Rxe2 31. Nxe2 Bxc4 32. Rf2 Bxe2 33. Rxe2 Kf6 34. Kg4 Rg8+ 35. Kf4 Rg5 36. Re8 Rxf5+ 37. Kg3 Rb5 38. b3 Ra5 39. Rc8 Rxa2 40. Rxc7 Ra5 41. Rxb7 Rb5 42. Ra7 Rxb3+ 43. Kf4 Rb6 44. Ke4 Ke6 45. Kd4 f5 46. Ra8 f4 47. Rf8 Ke7 48. Rf5 Rb5 49. Rxf4 Rb4+ 50. Ke3 Rxf4 51. Kxf4 Kd7 52. Ke3 Kc6 53. Kd4 a5 54. Kc4 Kb6 55. Kd4 Kb5 56. Kc3 Ka4 57. Kb2 Kb4 58. Kc2 d5 59. Kb2 d4 60. Kc2 a4 61. Kb2 a3+ 62. Kc2 Kc4 63. Kc1 Kc3 64. Kb1 d3 65. Kc1 a2 66. Kd1 a1=R# 0-1


[Site "https://www.chess.com"]

[Event "Titled Tuesday Blitz February 07 Early 2023"]
[White "Abdilkhair, Abilmansur"]
[Black "Klose, Eli"]
[WhiteFideId "13716417"]
[BlackFideId "16242955"]
[WhiteElo "2268"]
[BlackElo "1519"]
[Result "1-0"]
[Round "03"]
[TimeControl "180+2"]
[Date "2023.02.07"]
[WhiteClock "0:00:23"]
[BlackClock "0:01:41"]

1. d4 Nf6 2. c4 c5 3. d5 b5 4. Nf3 a6 5. a4 bxc4 6. Nc3 d6 7. e4 g6 8. Bxc4 Bg7 9. h3 O-O 10. O-O Nbd7 11. a5 Ne8 12. Re1 Ne5 13. Nxe5 Bxe5 14. f4 Bd4+ 15. Kh1 Nc7 16. Ne2 Bg7 17. Ra2 Bd7 18. Bd2 Bb5 19. b3 Rb8 20. Bc3 Bd7 21. Bxg7 Kxg7 22. e5 Nb5 23. Qa1 Kg8 24. Ng3 Re8 25. e6 fxe6 26. dxe6 Bc6 27. f5 Nd4 28. fxg6 hxg6 29. Rf2 Rf8 30. Ref1 Rxf2 31. Rxf2 d5 32. Bd3 Qd6 33. Kh2 Rf8 34. Rxf8+ Kxf8 35. Qf1+ Ke8 36. Bxg6+ Kd8 37. Qxa6 Ne2 38. Qxe2 d4 39. a6 Qf4 40. a7 Kc7 41. Be4 d3 42. Qxd3 1-0


[Site "https://www.chess.com"]

[Event "Titled Tuesday Blitz February 07 Early 2023"]
[White "Han, Yichen"]
[Black "Dudzinski, Pawel"]
[WhiteFideId "1054430"]
[BlackFideId "1117890"]
[WhiteElo "2413"]
[BlackElo "2186"]
[Result "0-1"]
[Round "03"]
[TimeControl "180+2"]
[Date "2023.02.07"]
[WhiteClock "0:00:07"]
[BlackClock "0:00:10"]

1. e4 c6 2. d4 d5 3. exd5 cxd5 4. c4 Nf6 5. Nc3 g6 6. Qb3 Bg7 7. cxd5 O-O 8. Nge2 Nbd7 9. g3 Nb6 10. Bg2 Bf5 11. O-O Bd3 12. Re1 Bc4 13. Qb4 Nfxd5 14. Qa3 e6 15. b3 Nxc3 16. Nxc3 Bd5 17. Nxd5 Nxd5 18. Bb2 Qd7 19. Rac1 a6 20. Rc5 Rac8 21. Bxd5 exd5 22. Rec1 Rxc5 23. Qxc5 Bf6 24. h4 Re8 25. Kg2 Kg7 26. Qc2 Re4 27. Qd3 Qb5 28. Qxb5 axb5 29. Rc5 Re2 30. Bc3 Rc2 31. Kf3 Be7 32. Rc8 Bb4 33. Bxb4 Rxc8 34. Kf4 Rc2 35. f3 Rxa2 36. Ke5 Rb2 37. Kxd5 Rxb3 38. Bd6 Rxf3 39. Kc5 Rc3+ 40. Kxb5 Rc6 41. Be5+ f6 42. Bf4 Kf7 43. d5 Rc2 44. Kb6 Ke8 45. Kxb7 Kd7 46. Kb6 Rc3 47. Kb5 Rc2 48. Kb4 Rc8 49. Kb5 Rc2 50. Kb4 Rg2 51. Kc5 g5 52. hxg5 fxg5 53. Bb8 h5 54. Kd4 Re2 55. Kd3 Re8 56. Ba7 h4 57. gxh4 gxh4 58. Bf2 h3 59. Bg3 Rg8 60. Be5 Rg2 61. Ke3 h2 62. Kf3 h1=Q 0-1


[Site "https://www.chess.com"]

[Event "Titled Tuesday Blitz February 07 Early 2023"]
[White "Zacurdajev, Dmitry"]
[Black "Budisavljevic, Luka"]
[WhiteFideId "4196309"]
[BlackFideId "960047"]
[WhiteElo "2273"]
[BlackElo "2488"]
[Result "1-0"]
[Round "03"]
[TimeControl "180+2"]
[Date "2023.02.07"]
[WhiteClock "0:00:11"]
[BlackClock "0:00:06"]

1. d4 Nf6 2. c4 c6 3. Nc3 d5 4. Nf3 e6 5. Bg5 h6 6. Bh4 Be7 7. e3 O-O 8. Qc2 a6 9. c5 Nbd7 10. Be2 b6 11. cxb6 Nxb6 12. O-O Bb7 13. a3 a5 14. Rac1 Rc8 15. Na4 Nbd7 16. b4 axb4 17. axb4 Ra8 18. Nc5 Nxc5 19. bxc5 Ba6 20. Ne5 Qc8 21. Rb1 g5 22. Bg3 Bd8 23. h4 Ne4 24. Rb2 gxh4 25. Bf4 Kg7 26. Rfb1 f6 27. Ng4 Rf7 28. Bxh6+ Kh8 29. Bxa6 Qxa6 30. Rb8 Rfa7 31. Rxa8 Rxa8 32. f3 f5 33. fxe4 fxg4 34. exd5 cxd5 35. Qg6 Qa7 36. Qxg4 Qf7 37. Bf4 Bf6 38. Rb6 Rg8 39. Qxe6 Qg6 40. Qxf6+ 1-0


[Site "https://www.chess.com"]

[Event "Titled Tuesday Blitz February 07 Early 2023"]
[White "Martinez Ramirez, Lennis"]
[Black "Sputnik-11"]
[WhiteFideId "3509079"]
[WhiteElo "2426"]
[BlackElo "2381"]
[Result "1-0"]
[Round "03"]
[TimeControl "180+2"]
[Date "2023.02.07"]
[WhiteClock "0:02:19"]
[BlackClock "0:00:04"]

1. d4 Nf6 2. c4 c5 3. d5 b5 4. cxb5 a6 5. b6 d6 6. Nc3 Nbd7 7. a4 Qxb6 8. a5 Qc7 9. Nf3 g6 10. Nd2 Bg7 11. Nc4 Rb8 12. Bf4 O-O 13. e3 Nh5 14. Bg5 Rxb2 15. Rc1 Rb4 16. Bxe7 Re8 17. Bxd6 Qb7 18. Be2 Bxc3+ 19. Rxc3 Rb1 20. Rc1 Qb4+ 21. Nd2 Rb2 22. Bxh5 gxh5 23. Rc2 Rxc2 24. Qxc2 Nf6 25. Bxc5 Qxa5 26. O-O Bd7 27. Bd4 Ng4 28. h3 Nh6 29. Ne4 1-0


[Site "https://www.chess.com"]

[Event "Titled Tuesday Blitz February 07 Early 2023"]
[White "Jovic, Stanoje"]
[Black "Seemann, Jakub"]
[WhiteFideId "905020"]
[BlackFideId "21874697"]
[WhiteElo "2075"]
[BlackElo "2446"]
[Result "0-1"]
[Round "03"]
[TimeControl "180+2"]
[Date "2023.02.07"]
[WhiteClock "0:00:50"]
[BlackClock "0:01:22"]

1. c4 e5 2. g3 Nc6 3. Bg2 Nf6 4. Nf3 Bc5 5. O-O O-O 6. Nxe5 Nxe5 7. d4 Bxd4 8. Qxd4 d6 9. c5 Nc6 10. Qh4 dxc5 11. Bg5 Nd4 12. Nc3 h6 13. Bxf6 Qxf6 14. Qxf6 gxf6 15. e3 Ne6 16. Rfd1 Kg7 17. Rac1 Rb8 18. g4 b6 19. f4 Bb7 20. Bxb7 Rxb7 21. f5 Ng5 22. Rd7 Nf3+ 23. Kg2 Ne5 24. Re7 Rd8 25. Ne4 Kf8 26. Rxe5 fxe5 27. h4 c6 28. g5 hxg5 29. hxg5 Kg7 30. Rh1 Rh8 31. Rd1 Rbb8 32. Rd6 Rbd8 33. Rxc6 Rh4 34. Kf3 Rd1 35. Rc7 Rf1+ 36. Ke2 Rxf5 37. Nd6 Rh2+ 38. Kd3 Rf1 39. Rxa7 Rd1+ 0-1


[Site "https://www.chess.com"]

[Event "Titled Tuesday Blitz February 07 Early 2023"]
[White "Nikologorsky, Matfei"]
[Black "tuschessCM1"]
[WhiteFideId "24102474"]
[WhiteElo "2182"]
[BlackElo "2638"]
[Result "0-1"]
[Round "03"]
[TimeControl "180+2"]
[Date "2023.02.07"]
[WhiteClock "0:01:54"]
[BlackClock "0:02:37"]

1. e4 c6 2. d4 d5 3. Nc3 dxe4 4. Nxe4 Nf6 5. Nxf6+ exf6 6. c3 Bd6 7. Bd3 O-O 8. Ne2 Re8 9. O-O Qc7 10. Ng3 Nd7 11. f4 g6 12. Bd2 f5 13. Bxf5 gxf5 14. Nxf5 Nf6 15. Qf3 Bxf5 0-1


[Site "https://www.chess.com"]

[Event "Titled Tuesday Blitz February 07 Early 2023"]
[White "Sowul, Bartosz"]
[Black "Flores Quillas, Diego Saul Rodri"]
[WhiteFideId "1137590"]
[BlackFideId "3822508"]
[WhiteElo "2269"]
[BlackElo "2359"]
[Result "1-0"]
[Round "03"]
[TimeControl "180+2"]
[Date "2023.02.07"]
[WhiteClock "0:00:16"]
[BlackClock "0:00:07"]

1. e4 c5 2. Nc3 Nc6 3. Bb5 Nd4 4. Nf3 a6 5. Bd3 Nc6 6. O-O g6 7. a3 Bg7 8. b4 cxb4 9. axb4 Nxb4 10. Be2 d5 11. e5 d4 12. Nb5 d3 13. cxd3 Nh6 14. d4 O-O 15. Na3 Nc6 16. Bb2 Bg4 17. Nc2 Nf5 18. h3 Bxf3 19. Bxf3 Nfxd4 20. Nxd4 Nxd4 21. Bxb7 Rb8 22. Bxd4 Qxd4 23. Bxa6 Bxe5 24. Ra4 Qd6 25. d3 Rfd8 26. Bc4 e6 27. Qf3 Rd7 28. Ra2 Kg7 29. g3 h5 30. h4 Qd4 31. Kg2 Bf6 32. Re1 Re8 33. Re4 Qc5 34. Rae2 Rd4 35. Rxd4 Bxd4 36. Qb7 Re7 37. Qe4 Ra7 38. Qf3 Ra1 39. Rd2 Qb4 40. Rd1 Ra5 41. Qe2 Rf5 42. f4 Ra5 43. Kh3 Qc5 44. Qe4 Ra3 45. Re1 Bf6 46. Rf1 Rc3 47. Re1 Rc2 48. Re2 Rc1 49. Re1 Rc3 50. Qg2 Qg5 51. fxg5 Bd4 52. Qe4 1-0


[Site "https://www.chess.com"]

[Event "Titled Tuesday Blitz February 07 Early 2023"]
[White "Silvestre, Christian"]
[Black "Shapiro, Viktor"]
[WhiteFideId "30956269"]
[BlackFideId "4175700"]
[WhiteElo "1942"]
[BlackElo "2192"]
[Result "0-1"]
[Round "03"]
[TimeControl "180+2"]
[Date "2023.02.07"]
[WhiteClock "0:00:14"]
[BlackClock "0:00:54"]

1. e4 Nf6 2. e5 Nd5 3. c4 Nb6 4. d4 d6 5. f4 dxe5 6. fxe5 c5 7. d5 g6 8. Nf3 Bg4 9. Bf4 Bg7 10. Be2 O-O 11. h3 Bxf3 12. Bxf3 Nxc4 13. Qe2 Qa5+ 14. Nc3 Qb4 15. O-O Nxb2 16. Nb5 Qxf4 17. Nc7 Bxe5 18. Nxa8 Qh2+ 19. Kf2 Bg3+ 20. Ke3 Bf4+ 21. Kf2 c4 22. Qxb2 Be5 23. Qxb7 Qg3+ 24. Ke2 Bxa1 25. Qxe7 Be5 26. Qxa7 Nd7 27. Qxd7 Rxa8 28. a4 Rb8 29. Qg4 Rb2+ 30. Kd1 Qh2 31. Qxc4 Bf4 32. a5 Rd2+ 33. Kc1 Rd4+ 0-1


[Site "https://www.chess.com"]

[Event "Titled Tuesday Blitz February 07 Early 2023"]
[White "Song, Julien"]
[Black "Lucassen, Mickey"]
[WhiteFideId "659487"]
[BlackFideId "12919110"]
[WhiteElo "2350"]
[BlackElo "2023"]
[Result "0-1"]
[Round "03"]
[TimeControl "180+2"]
[Date "2023.02.07"]
[WhiteClock "0:00:09"]
[BlackClock "0:00:25"]

1. d4 Nf6 2. c4 e6 3. Nf3 d5 4. Bg5 Be7 5. e3 O-O 6. Nc3 c6 7. Rc1 h6 8. Bh4 b6 9. cxd5 cxd5 10. Bd3 Bb7 11. O-O Nbd7 12. Qe2 Ne4 13. Bxe7 Qxe7 14. Bxe4 dxe4 15. Nd2 Nf6 16. Qb5 Rfc8 17. a3 Bc6 18. Qb3 Qb7 19. h3 a6 20. Nc4 Bd5 21. Nxd5 Qxd5 22. Nd2 Qxb3 23. Nxb3 Nd5 24. Nd2 f5 25. Nc4 Kf8 26. Nd6 Rxc1 27. Rxc1 Ke7 28. Nc4 Rc8 29. a4 b5 30. axb5 axb5 31. b3 Nb6 32. Ra1 bxc4 33. bxc4 Nxc4 34. Ra7+ Kf6 35. g3 Nb2 36. Ra2 Nd3 37. h4 Rc1+ 38. Kg2 Rb1 39. Ra6 Ne1+ 40. Kh3 Nf3 41. d5 Rh1+ 42. Kg2 Rg1+ 43. Kh3 g5 44. Rxe6+ Kf7 45. hxg5 hxg5 46. g4 fxg4# 0-1


[Site "https://www.chess.com"]

[Event "Titled Tuesday Blitz February 07 Early 2023"]
[White "Rosenberg, Evan S"]
[Black "Czernek, Tymon"]
[WhiteFideId "2019299"]
[BlackFideId "1199510"]
[WhiteElo "1956"]
[BlackElo "2314"]
[Result "0-1"]
[Round "03"]
[TimeControl "180+2"]
[Date "2023.02.07"]
[WhiteClock "0:00:03"]
[BlackClock "0:00:51"]

1. d4 d5 2. Nf3 Nf6 3. c3 e6 4. Bf4 c5 5. e3 Nc6 6. Nbd2 Qb6 7. Rb1 Bd7 8. Bd3 h6 9. O-O Nh5 10. Bg3 Nxg3 11. hxg3 Be7 12. Re1 cxd4 13. exd4 O-O-O 14. b4 g5 15. a4 h5 16. a5 Qc7 17. b5 Nxa5 18. Ne5 Be8 19. b6 axb6 20. Qf3 f6 21. Ng6 Bxg6 22. Bxg6 h4 23. Rxe6 hxg3 24. fxg3 Bd6 25. Rxf6 Bxg3 26. Rf7 Qd6 27. Nf1 Bh2+ 28. Nxh2 Qxh2+ 29. Kf2 Nc4 30. Qg3 Qxg3+ 31. Kxg3 Rde8 32. Bf5+ Kb8 33. Bd3 Re3+ 34. Rf3 Rxf3+ 35. gxf3 Kc7 36. Bxc4 dxc4 37. Rb5 Re8 38. Rxg5 Re3 39. Rg7+ Kc6 40. Rg6+ Kb5 41. Kf4 Rxc3 42. Ke4 Rc1 43. d5 Rd1 44. Rg2 c3 45. Rc2 Kc4 46. Ke3 b5 47. Ke2 Rxd5 48. f4 b4 49. f5 b3 50. Rxc3+ 0-1


[Site "https://www.chess.com"]

[Event "Titled Tuesday Blitz February 07 Early 2023"]
[White "Babikov, Ivan"]
[Black "Kodinets, Konstantin L."]
[WhiteFideId "4161106"]
[BlackFideId "4122011"]
[WhiteElo "2239"]
[BlackElo "2409"]
[Result "1-0"]
[Round "03"]
[TimeControl "180+2"]
[Date "2023.02.07"]
[WhiteClock "0:00:08"]
[BlackClock "0:00:12"]

1. Nf3 d6 2. g3 e5 3. Bg2 f5 4. d3 Nf6 5. Nbd2 Be7 6. O-O O-O 7. e4 fxe4 8. Nxe4 Nxe4 9. dxe4 Kh8 10. Be3 Bg4 11. h3 Bh5 12. g4 Bg6 13. Nd2 Bg5 14. Qe2 Nd7 15. c3 Bf4 16. Rad1 Qg5 17. Nf3 Qh6 18. Nd2 Bxe3 19. Qxe3 Qxe3 20. fxe3 a5 21. h4 h6 22. Bh3 Nc5 23. Bg2 Bf7 24. b3 Be6 25. Bf3 g5 26. hxg5 hxg5 27. Kg2 Kg7 28. Rh1 Rh8 29. c4 Kf6 30. Nb1 Bf7 31. Nc3 Rxh1 32. Rxh1 c6 33. Rh6+ Ke7 34. Ne2 Rf8 35. Ng3 Be6 36. Nf5+ Bxf5 37. exf5 e4 38. Be2 Nd7 39. Rg6 Ne5 40. Rxg5 Kf6 41. Rh5 Rg8 42. Rh6+ Kg5 43. Rxd6 a4 44. Kg3 axb3 45. axb3 Re8 46. b4 b6 47. b5 cxb5 48. cxb5 Rg8 49. Rxb6 Nd7 50. Rd6 Nf6 51. b6 Rb8 52. Ba6 Nxg4 53. Rg6+ Kxf5 54. Rxg4 Rxb6 55. Bc8+ Ke5 56. Rg5+ Kf6 57. Rf5+ Ke7 58. Kf4 Kd8 59. Rf8+ Ke7 60. Rh8 Rb4 61. Bf5 Kd6 62. Bxe4 Kc5 63. Rh5+ Kd6 64. Rd5+ Ke6 65. Rd4 Rb6 66. Bf5+ Kf6 67. e4 Rb5 68. Rd6+ Ke7 69. Rd7+ Kf6 70. e5+ Rxe5 71. Rd6+ 1-0


[Site "https://www.chess.com"]

[Event "Titled Tuesday Blitz February 07 Early 2023"]
[White "Szyszylo, Rafal"]
[Black "Korchmar, Vasiliy"]
[WhiteFideId "1109626"]
[BlackFideId "24131750"]
[WhiteElo "2091"]
[BlackElo "2438"]
[Result "0-1"]
[Round "03"]
[TimeControl "180+2"]
[Date "2023.02.07"]
[WhiteClock "0:00:04"]
[BlackClock "0:00:03"]

1. e4 c5 2. Nf3 d6 3. d4 cxd4 4. Nxd4 Nf6 5. Nc3 Nc6 6. Bc4 Qb6 7. Nb3 e6 8. Be3 Qc7 9. Be2 a6 10. g4 h6 11. h4 b5 12. a3 Ne5 13. Rg1 Bb7 14. Qd4 Nc4 15. Bxc4 bxc4 16. Nd2 e5 17. Qxc4 Qxc4 18. Nxc4 Nxe4 19. Nxe4 Bxe4 20. O-O-O Rc8 21. Nxd6+ Bxd6 22. Rxd6 Rxc2+ 23. Kd1 Rxb2 24. Bc1 Rxf2 25. Rd2 Bf3+ 26. Ke1 Rxd2 27. Kxd2 O-O 28. Ke3 e4 29. g5 h5 30. g6 Rd8 31. gxf7+ Kxf7 32. Kf4 Rb8 33. Rg5 Rb1 34. Be3 Rh1 35. Ra5 Rxh4+ 36. Kf5 g6+ 37. Ke5 Rh1 38. Rxa6 h4 39. Ra7+ Ke8 40. Bg5 Rb1 41. Bxh4 Rb5+ 42. Kd6 Rb6+ 43. Ke5 e3 44. Bf6 e2 45. Re7+ Kf8 0-1


[Site "https://www.chess.com"]

[Event "Titled Tuesday Blitz February 07 Early 2023"]
[White "Skurikhin, Dmitrij"]
[Black "Yaran, Siar"]
[WhiteFideId "4161297"]
[BlackFideId "6323006"]
[WhiteElo "2297"]
[BlackElo "2288"]
[Result "1-0"]
[Round "03"]
[TimeControl "180+2"]
[Date "2023.02.07"]
[WhiteClock "0:00:07"]
[BlackClock "0:00:08"]

1. e4 e5 2. Nf3 Nc6 3. Bc4 Bc5 4. d3 Nf6 5. O-O d6 6. h3 h6 7. c3 Bb6 8. a4 a6 9. Be3 g5 10. Bxb6 cxb6 11. d4 g4 12. dxe5 gxf3 13. exf6 fxg2 14. Re1 Qxf6 15. e5 Nxe5 16. f4 Qxf4 17. Qxd6 f6 18. Nd2 Bd7 19. Qxb6 Bc6 20. Qc7 Rf8 21. Re2 Be4 22. Rxe4 Qxd2 23. Rae1 Rh8 24. Rxe5+ 1-0


[Site "https://www.chess.com"]

[Event "Titled Tuesday Blitz February 07 Early 2023"]
[White "Martynov, Pavel"]
[Black "Miszler, Levente"]
[WhiteFideId "4101260"]
[BlackFideId "763276"]
[WhiteElo "2414"]
[BlackElo "2271"]
[Result "1-0"]
[Round "03"]
[TimeControl "180+2"]
[Date "2023.02.07"]
[WhiteClock "0:01:10"]
[BlackClock "0:00:07"]

1. e4 e6 2. d4 d5 3. Nc3 Bb4 4. Bd3 c5 5. exd5 cxd4 6. Bb5+ Bd7 7. Bxd7+ Qxd7 8. Qxd4 Bxc3+ 9. Qxc3 Nf6 10. dxe6 Qxe6+ 11. Be3 O-O 12. Ne2 Nd5 13. Qb3 Nc6 14. O-O-O Rad8 15. Nd4 Nxd4 16. Bxd4 b6 17. Rhe1 Qh6+ 18. Kb1 Qxh2 19. Bxg7 Kxg7 20. Rxd5 Qxg2 21. Qc3+ Kg8 22. Rde5 Rd6 23. Qe3 Rg6 24. b3 Qg4 25. f4 h5 26. f5 Rg5 27. f6 Rxe5 28. Qxe5 Kh7 29. Qe7 Qg3 30. Re5 Rg8 31. Qxf7+ Kh6 32. Rxh5# 1-0


[Site "https://www.chess.com"]

[Event "Titled Tuesday Blitz February 07 Early 2023"]
[White "Atanasov, Anthony"]
[Black "Topalov, Aleksandar"]
[WhiteFideId "2623897"]
[BlackFideId "925659"]
[WhiteElo "2368"]
[BlackElo "2233"]
[Result "0-1"]
[Round "03"]
[TimeControl "180+2"]
[Date "2023.02.07"]
[WhiteClock "0:01:10"]
[BlackClock "0:01:20"]

1. d4 Nf6 2. Nf3 g6 3. Bf4 Bg7 4. e3 O-O 5. Bd3 d6 6. h4 h6 7. Nc3 Ng4 8. h5 e5 9. dxe5 dxe5 10. Bg3 g5 11. Ne4 Qe7 12. Qd2 f5 13. Bc4+ Kh8 14. Nc3 Rd8 15. Nd5 Qc5 16. Qe2 Rxd5 17. Bxd5 Qxd5 18. Rd1 Qa5+ 19. Kf1 Nc6 20. Bh4 gxh4 21. Nxh4 Be6 22. Ng6+ Kh7 23. e4 Qa6 24. Rd2 Qxe2+ 25. Kxe2 fxe4 0-1


[Site "https://www.chess.com"]

[Event "Titled Tuesday Blitz February 07 Early 2023"]
[White "OKEKE, Isaac Chukwudalu"]
[Black "Cori T., Deysi"]
[WhiteFideId "8508526"]
[BlackFideId "3801934"]
[WhiteElo "2155"]
[BlackElo "2362"]
[Result "1-0"]
[Round "03"]
[TimeControl "180+2"]
[Date "2023.02.07"]
[WhiteClock "0:00:04"]
[BlackClock "0:00:02"]

1. e4 e6 2. d4 d5 3. e5 c5 4. c3 Nc6 5. Nf3 Bd7 6. Be2 Nge7 7. Na3 Ng6 8. Nc2 Be7 9. a3 O-O 10. b4 cxd4 11. cxd4 f6 12. exf6 Bxf6 13. O-O Rc8 14. Be3 Nce7 15. Bd3 Nf5 16. Rc1 Ba4 17. Qd2 Qd6 18. b5 b6 19. Nb4 Bb3 20. Rc3 Bc4 21. Rfc1 Nxe3 22. Qxe3 Nf4 23. Bxc4 dxc4 24. Rxc4 Rxc4 25. Rxc4 Nd5 26. Rc6 Qxc6 27. bxc6 Nxe3 28. fxe3 Rc8 29. e4 a5 30. d5 exd5 31. exd5 axb4 32. axb4 Be7 33. b5 Rd8 34. Ne5 Rxd5 35. c7 Bc5+ 36. Kf1 Rxe5 37. c8=Q+ Kf7 38. Qd7+ Kf6 39. g3 h6 40. Kg2 Re2+ 41. Kh3 Re5 42. Qd8+ Kf7 43. Qd3 Rh5+ 44. Kg2 Re5 45. Qf3+ Ke7 46. h4 Re6 47. Qb7+ Kf6 48. Qd7 Re5 49. Qd8+ Kf7 50. Qd3 Kf6 51. Qf3+ Ke7 52. h5 Rg5 53. g4 Ke6 54. Kh3 Ke5 55. Qc6 Kd4 56. Qe6 Kc3 57. Kg3 Kb4 58. Qd7 Kc4 59. Kf4 Kc3 60. Kf3 Kc4 61. Qc6 Kd4 62. Qe8 Re5 63. Qd7+ Kc4 64. Qxg7 Re3+ 65. Kf4 Bd6+ 66. Kxe3 1-0


[Site "https://www.chess.com"]

[Event "Titled Tuesday Blitz February 07 Early 2023"]
[White "Levitan, Caleb Levi"]
[Black "Lymar, Vladislav"]
[WhiteFideId "14332620"]
[BlackFideId "14162180"]
[WhiteElo "2129"]
[BlackElo "2119"]
[Result "1-0"]
[Round "03"]
[TimeControl "180+2"]
[Date "2023.02.07"]
[WhiteClock "0:00:07"]
[BlackClock "0:00:20"]

1. e4 c5 2. Nf3 Nc6 3. Nc3 Nf6 4. Bb5 Qc7 5. O-O Nd4 6. Re1 Ng4 7. e5 Nxf3+ 8. Qxf3 Nxe5 9. Qh5 Nc6 10. Nd5 Qd8 11. d3 e6 12. Bg5 Ne7 13. Bxe7 Bxe7 14. Rxe6 O-O 15. Nxe7+ Kh8 16. Re4 h6 17. Rae1 d5 18. Qxd5 Qa5 19. Bc4 Be6 20. Rxe6 fxe6 21. Ng6+ Kh7 22. Nxf8+ Rxf8 23. Qe4+ Kh8 24. Qxe6 Qd2 25. Qe2 Qb4 26. c3 Qa5 27. g3 b5 28. Bd5 b4 29. c4 Qxa2 30. Qe7 Rb8 31. Qd6 Rc8 32. Qe6 Rb8 33. Qe5 Rc8 34. Qf5 Rd8 35. Be4 Kg8 36. Qh7+ Kf7 37. Bg6+ Kf6 38. Bh5 Kg5 39. Qg6# 1-0


[Site "https://www.chess.com"]

[Event "Titled Tuesday Blitz February 07 Early 2023"]
[White "Djokovic, Nebojsa"]
[Black "Rose, Felix"]
[WhiteFideId "938300"]
[BlackFideId "5105722"]
[WhiteElo "2119"]
[BlackElo "2091"]
[Result "1-0"]
[Round "03"]
[TimeControl "180+2"]
[Date "2023.02.07"]
[WhiteClock "0:01:11"]
[BlackClock "0:00:11"]

1. c4 e6 2. Nf3 d5 3. g3 Nf6 4. d4 dxc4 5. Bg2 a6 6. O-O Nc6 7. a4 Rb8 8. e3 Bd7 9. Nbd2 b5 10. axb5 axb5 11. Ng5 Be7 12. b3 c3 13. Nde4 Nxe4 14. Nxe4 b4 15. Ra6 O-O 16. Qh5 Qc8 17. Ra1 f5 18. Ng5 h6 19. Nxe6 Bxe6 20. Bxc6 Bf7 21. Qd1 Qe6 22. d5 Qe4 23. f3 Qe5 24. Qd4 Qxd4 25. exd4 Bf6 26. Bf4 Bxd4+ 27. Kg2 Rbd8 28. Bxc7 Rxd5 29. Bxd5 Bxd5 30. Rad1 Bxb3 31. Rxd4 Rc8 32. Rxb4 Bf7 33. Rb8 Rxb8 34. Bxb8 Bc4 35. Rc1 1-0


[Site "https://www.chess.com"]